 Dungeon Crawl Stone Soup version 0.13-a0-1762-gc06daff (webtiles) character file.

13981 Ursine the Shatterer (level 12, -6/110 HPs)
             Began as an Ogre Berserker on June 22, 2013.
             Was a High Priest of Trog.
             Mangled by an unseen horror (7 damage)
             ... on Level 12 of the Dungeon.
             The game lasted 00:27:26 (13219 turns).

Ursine the Shatterer (Ogre Berserker)              Turns: 13219, Time: 00:27:26

HP  -6/110       AC  7     Str 25      XL: 12   Next:  3%
MP  11/11        EV 19     Int 16      God: Trog [*****.]
Gold 755         SH  0     Dex 20      Spells:  0 memorised, 11 levels left

Res.Fire  : . . .   See Invis. : .   E - +5,+7 giant club "Sampoixko" {venom, Int+2 Res.Cold : + . . Warding : . C - +2 robe {rC+} Life Prot.: . . . Conserve : . (shield restricted)
Res.Poison: .       Res.Corr.  : .   (helmet restricted)
Res.Elec. : .       Clarity    : .   D - +1 cloak (curse)
Sust.Abil.: . .     Spirit.Shd : .   (gloves unavailable)
Res.Mut.  : .       Stasis     : .   (boots unavailable)
Res.Rott. : .       Flight     : .   w - amulet of the gourmand
Gourmand  : +                        H - +6 ring of intelligence
                                     G - +4 ring of dexterity

@: regenerating (expiring), exhausted, agile, very slightly contaminated,
slowed, very slow, very resistant to hostile enchantments, stealthy
A: unfitting armour, fast metabolism 1, saprovore 1, tough skin 1
a: Burn Spellbooks, Berserk, Trog's Hand, Brothers in Arms, Renounce Religion


You were on level 12 of the Dungeon.
You worshipped Trog.
Trog was exalted by your worship.
You were very full.

You visited 1 branch of the dungeon, and saw 12 of its levels.

You collected 735 gold pieces.


Innate Abilities, Weirdness & Mutations

You are too large for most types of armour.
You have a fast metabolism.
You can tolerate rotten meat.
You have tough skin (AC +1).


   Skills:
 - Level 4.0 Fighting
 - Level 22.0 Maces & Flails
 + Level 5.7 Dodging


You had 11 spell levels left.
You didn't know any spells.

Inventory:

Hand weapons
 a - a +0,+0 mace
 r - a +0,+0 giant club
 E - the +5,+7 giant club "Sampoixko" (weapon) {venom, Int+2}
   (Trog gifted it to you on level 8 of the Dungeon)

   It poisons the flesh of those it strikes.
   It affects your intelligence (+2).
 F - the +8,+4 mace "Liargh" {flame, +Inv rC+ Int+1}
   (You found it on level 4 of the Dungeon)

   It emits flame when wielded, causing extra injury to most foes and up to
   double damage against particularly susceptible opponents.
   It affects your intelligence (+1).
   It protects you from cold.
   It lets you turn invisible.
 L - a +0,+1 giant spiked club
Missiles
 j - 18 poisoned needles
 p - 2 throwing nets (quivered)
Armour
 b - a +0 animal skin
 i - a +0 robe
 A - a +0 cloak
 C - a +2 robe of cold resistance (worn)
 D - a cursed +1 cloak (worn)
Magical devices
 e - a wand of digging (10) {unknown}
 o - a wand of lightning (1)
 z - a wand of slowing (12)
 M - a wand of cold (0)
Comestibles
 c - 2 meat rations
 g - 2 apples
 h - 11 bread rations
 s - 2 chokos
 K - a banana
 O - a pear
Scrolls
 d - 5 scrolls of curse jewellery {!r}
 t - 2 scrolls of magic mapping
 y - 4 scrolls of remove curse
 Q - a scroll of silence
Jewellery
 f - an uncursed ring of ice
 w - an amulet of the gourmand (around neck)
 G - a +4 ring of dexterity (left hand)
 H - a +6 ring of intelligence (right hand)
 U - an uncursed ring of invisibility
 W - a cursed ring of hunger
Potions
 k - 2 potions of brilliance
 m - a potion of invisibility
 n - a potion of magic
 v - a potion of slowing {!q}
 I - 4 potions of restore abilities
 N - a potion of confusion {!q}
 P - a potion of poison {!q}
 R - a potion of cure mutation
Books
 J - a book of the Tempests

   Spells                             Type                      Level
   Static Discharge                   Conjuration/Air              3
   Lightning Bolt                     Conjuration/Air              5
   Fireball                           Conjuration/Fire             5
   Tornado                            Air                          9
   Shatter                            Earth                        9
   Trog disapproves of the use of such an item.
 S - a book of Necromancy

   Spells                             Type                      Level
   Pain                               Necromancy                   1
   Animate Skeleton                   Necromancy                   1
   Lethal Infusion                    Charms/Necromancy            2
   Vampiric Draining                  Necromancy                   3
   Regeneration                       Charms/Necromancy            3
   Animate Dead                       Necromancy                   4
   Control Undead                     Necromancy                   4
   Trog disapproves of the use of such an item.
Miscellaneous
 T - a fan of gales

≈≈≈▒▒
≈≈≈≈J;▒▒▒▒▒▒▒▒▒▒▒▒▒▒▒▒▒▒▒▒
≈≈≈≈≈J···##···#··········▒
≈≈≈·······##··#······#···▒
≈≈·········##·#··········▒
·········#·##···········▒
··················▒▒▒▒▒▒▒
▒▒▒▒▒▒▒▒▒▒▒▒▒·▒▒▒▒▒ ▒O▒
▒·▒ ▒·▒ ·>▒ ▒·▒ ▒·▒ ▒·▒
▒·▒ ▒·▒


There were no monsters in sight!


Message History

You feel slightly less full. It hits you.
* * * LOW HITPOINT WARNING * * *
Unknown command.
It hits you.
* * * LOW HITPOINT WARNING * * *
It closely misses you.
Evoke which item? (* to show all) (? for menu, Esc to quit)
Okay, then.
Drink which item? (? for menu, Esc to quit)
Okay, then.
Read which item? (? for menu, Esc to quit)
Blink to where?
As you read the scroll of blinking, it crumbles to dust.
You are very lightly contaminated with residual magic.
Evoke which item? (* to show all) (? for menu, Esc to quit)
Okay, then.
Read which item? (? for menu, Esc to quit)
Okay, then.
Unknown command.
It hits you.
* * * LOW HITPOINT WARNING * * *
Read which item? (? for menu, Esc to quit)
Blink to where?
As you read the scroll of blinking, it crumbles to dust.
Found a stone staircase leading down.
Your skin is crawling a little less now.
It hits you!
* * * LOW HITPOINT WARNING * * *
It barely misses you. It hits you!
You die...

Action                   |  1- 3 |  4- 6 |  7- 9 | 10-12 || total
-------------------------+-------+-------+-------+-------++-------
Melee: Mace              |   134 |   237 |   272 |    53 ||   696
       Giant spiked club |       |       |       |   102 ||   102
       Giant club        |       |       |       |   299 ||   299
Invok: Berserk           |     2 |     5 |     6 |     5 ||    18
       Brothers in Arms  |       |       |     1 |     1 ||     2
       Trog's Hand       |       |       |       |     1 ||     1
Evoke: Wand              |       |     1 |     2 |     6 ||     9
  Use: Scroll            |     1 |     6 |     7 |    11 ||    25
       Potion            |       |       |     6 |     9 ||    15
 Stab: Invisible         |       |       |       |     1 ||     1

Vault maps used:
D:1:      sevenhm_entry_forest_fort_small_4, st_stairs_9
D:2:      minmay_misc_feat_enclosed, Guppyfry_Hobgoblin_minivault
D:3:      serial_bayou_shore_a, first_bread, minmay_gold_behind_plants,
          yredelemnul_altar_generic
D:5:      uniq_eustachio
D:6:      orc_0_dummy
D:7:      lemuel_castle_with_subvaults, minmay_temple_entry_statues, the_bakery,
          minmay_small_thing, uniq_iyjb, uniq_prince_ribbit1, uniq_pikel
D:8:      general_overflow_altar, basic_altar
D:9:      overflow_temple_1_default, hunters_booth_kilobyte, uniq_psyche
D:12:     statuecave_lemuel, serial_undead, serial_undead_a, serial_undead_a,
          serial_undead_a, serial_undead_b, grunt_ashenzari_visionary,
          uniq_harold, uniq_erica

Notes
Turn   | Place    | Note
--------------------------------------------------------------
     0 | D:1      | Ursine, the Ogre Berserker, began the quest for the Orb.
     0 | D:1      | Reached XP level 1. HP: 23/23 MP: 0/0
   102 | D:1      | Reached XP level 2. HP: 5/32 MP: 1/1
   433 | D:1      | Reached skill level 5 in Maces & Flails
   575 | D:1      | Acquired Trog's second power
   784 | D:2      | Reached XP level 3. HP: 39/39 MP: 2/2
  1069 | D:2      | Reached skill level 6 in Maces & Flails
  1333 | D:2      | Reached XP level 4. HP: 41/48 MP: 3/3
  2150 | D:3      | Reached skill level 7 in Maces & Flails
  2215 | D:3      | Reached XP level 5. HP: 54/54 MP: 4/4
  2395 | D:3      | Reached skill level 8 in Maces & Flails
  2584 | D:3      | Found a basalt altar of Yredelemnul.
  3054 | D:4      | Noticed an ogre
  3061 | D:4      | Killed an ogre
  3061 | D:4      | Reached skill level 9 in Maces & Flails
  3061 | D:4      | Reached XP level 6. HP: 63/63 MP: 5/5
  3345 | D:4      | Acquired Trog's third power
  3646 | D:4      | Noticed a phantom
  3672 | D:4      | HP: 9/94 [phantom (6)]
  3675 | D:4      | Killed a phantom
  3675 | D:4      | Reached skill level 10 in Maces & Flails
  3675 | D:4      | Reached XP level 7. HP: 6/70 MP: 6/6
  4205 | D:4      | Got a jewelled mace
  4206 | D:4      | Identified the mace "Liargh" {flame, +Inv rC+ Int+1} (You found it on level 4 of the Dungeon)
  4501 | D:5      | Entered Level 5 of the Dungeon
  4930 | D:5      | Reached skill level 11 in Maces & Flails
  5184 | D:5      | Noticed Eustachio
  5208 | D:5      | Killed Eustachio
  5208 | D:5      | Reached skill level 12 in Maces & Flails
  5208 | D:5      | Reached XP level 8. HP: 64/79 MP: 7/7
  5558 | D:6      | HP: 7/79 [orc wizard/puff of frost (4)]
  5931 | D:6      | Found a staircase to the Orcish Mines.
  6435 | D:7      | Reached skill level 13 in Maces & Flails
  6681 | D:7      | Noticed Ijyb
  6693 | D:7      | Killed Ijyb
  6730 | D:7      | Reached XP level 9. HP: 77/85 MP: 8/8
  6761 | D:7      | Noticed Pikel
  6768 | D:7      | Killed Pikel
  6768 | D:7      | Reached skill level 14 in Maces & Flails
  7010 | D:7      | Noticed Prince Ribbit
  7013 | D:7      | Noticed an orc knight
  7030 | D:7      | Killed an orc knight
  7030 | D:7      | Reached skill level 15 in Maces & Flails
  7033 | D:7      | Killed Prince Ribbit
  7090 | D:7      | Reached skill level 16 in Maces & Flails
  7090 | D:7      | Reached XP level 10. HP: 64/94 MP: 9/9
  7458 | D:7      | Noticed an orc warlord
  7465 | D:7      | Noticed an orc knight
  7480 | D:7      | Killed an orc knight
  7488 | D:7      | Killed an orc warlord
  7488 | D:7      | Reached skill level 17 in Maces & Flails
  7834 | D:7      | Noticed kroupouk's ghost (experienced TrMo)
  7834 | D:7      | Reached skill level 18 in Maces & Flails
  7846 | D:7      | Killed kroupouk's ghost
  8382 | D:7      | Found a staircase to the Ecumenical Temple.
  8391 | D:7      | Paralysed by a giant eyeball for 2 turns
  8869 | D:7      | Noticed a spriggan baker
  8878 | D:7      | Killed a spriggan baker
  8878 | D:7      | Reached skill level 19 in Maces & Flails
  9492 | D:8      | Received a gift from Trog
  9496 | D:8      | Got a crystal giant club {god gift}
  9497 | D:8      | Identified the giant club "Sampoixko" {god gift, venom, Int+2} (Trog gifted it to you on level 8 of the Dungeon)
  9645 | D:8      | Reached XP level 11. HP: 87/101 MP: 10/10
  9708 | D:8      | Found a glowing golden altar of the Shining One.
  9725 | D:8      | Found a shattered altar of Ashenzari.
  9962 | D:9      | Noticed Psyche
  9965 | D:9      | Killed Psyche
 10004 | D:9      | Found an ancient bone altar of Kikubaaqudgha.
 10118 | D:9      | Reached skill level 20 in Maces & Flails
 10650 | D:10     | Entered Level 10 of the Dungeon
 10662 | D:10     | Noticed smajdalf's ghost (powerful MfGl)
 10677 | D:10     | Killed smajdalf's ghost
 11387 | D:10     | Reached skill level 21 in Maces & Flails
 12029 | D:10     | Received a gift from Trog
 12498 | D:11     | Reached skill level 22 in Maces & Flails
 12518 | D:11     | Reached skill level 3 in Dodging
 13076 | D:12     | Reached skill level 4 in Dodging
 13124 | D:12     | Reached skill level 5 in Dodging
 13128 | D:12     | Reached XP level 12. HP: 49/110 MP: 11/11
 13208 | D:12     | HP: 3/110 [something (12)]
 13213 | D:12     | HP: 7/110 [something (1)]
 13214 | D:12     | HP: 3/110 [something (5)]
 13219 | D:12     | HP: 1/110 [something (8)]
 13219 | D:12     | Mangled by an unseen horror

Vanquished Creatures
  An orc warlord (D:7)
  The ghost of smajdalf the Impaler, a powerful MfGl of Fedhas (D:10)
  The ghost of kroupouk the Grappler, an experienced TrMo of Trog (D:7)
  An orc knight (D:7)
  Pikel (D:7)
  A hill giant zombie (D:12)
  Psyche (D:9)
  A spriggan (D:7)
  A wyvern (D:10)
  3 yaks (D:12)
  2 wraiths
  Eustachio (D:5)
  6 sharks (D:10)
  A manticore (D:11)
  A komodo dragon zombie (D:12)
  2 hungry ghosts
  9 orc warriors
  3 ice beasts
  A wyvern skeleton (D:11)
  3 phantoms
  An iguana (D:7)
  4 ogres
  7 giant goldfish (D:10)
  4 centaurs
  4 giant frogs
  12 wargs (D:7)
  A crocodile (D:9)
  A centaur skeleton (D:5)
  A centaur zombie (D:7)
  A two-headed ogre skeleton (D:8)
  A water moccasin (D:6)
  An eye of draining (D:10)
  10 killer bees (D:12)
  2 ogre zombies
  5 wights (D:7)
  8 crimson imps
  2 goliath beetles
  A scorpion (D:7)
  5 hounds
  3 orc priests
  A quasit (D:5)
  A hound skeleton (D:5)
  7 orc wizards
  5 worker ants
  Ijyb (D:7)
  3 jellies
  13 gnolls
  13 adders
  An inept item mimic (D:3)
  An adder skeleton (D:6)
  A giant centipede (D:11)
  A giant mite (D:8)
  An ufetubus (D:5)
  4 worms
  2 grey rats (D:5)
  A bat skeleton (D:6)
  A giant eyeball (D:7)
  5 giant geckos
  2 oozes
  70 orcs
  16 hobgoblins
  22 jackals
  8 kobolds
  3 quokkas
  3 ball pythons
  11 bats
  7 giant cockroaches
  A giant gecko skeleton (D:5)
  8 giant newts
  10 goblins
  A hobgoblin zombie (D:7)
  An orc skeleton (D:4)
  A quokka zombie (D:5)
  15 rats
  A bush (D:9)
  A plant (D:3)
358 creatures vanquished.

Vanquished Creatures (collateral kills)
  An orc knight (D:7)
  Prince Ribbit (D:7)
  3 orc warriors (D:7)
  7 orcs (D:7)
12 creatures vanquished.

Vanquished Creatures (others)
  3 slaves (D:7)
  A warg (D:7)
  A scorpion (D:7)
  An adder (D:7)
  A gnoll (D:4)
  5 orcs
  A goblin (D:4)
  A jackal (D:9)
  A rat (D:8)
15 creatures vanquished.

Grand Total: 385 creatures vanquished
